 Dungeon Crawl Stone Soup version 0.31-a0-237-g2d982f9f85 (webtiles) character file.

Game seed: 157648723852639160

32 LeprechaunX the Insei (level 3, -11/23 HPs)
             Began as an Octopode Transmuter on July 11, 2023.
             Engulfed by a cloud of flame (23 damage)
             ... on level 1 of the Dungeon.
             The game lasted 00:02:44 (1402 turns).

LeprechaunX the Insei (Octopode Transmuter)         Turns: 1402, Time: 00:02:44

Health: -11/23     AC:  1    Str: 11    XL:     3   Next: 27%
Magic:  6/6        EV: 13    Int: 15    God:
Gold:   55         SH:  0    Dex: 12    Spells: 5/6 levels left

rFire   . .          .
                       - Unarmed
rCold   . . .        (no shield)
rNeg    . . .        (helmet restricted)
rPois   .            (no amulet)
rElec   .            (no ring)
rCorr   .            (no ring)
SInv    .            (no ring)
Will    .....        (no ring)
Stlth   ++           (no ring)
HPRegen 0.23/turn    (no ring)
MPRegen 0.10/turn    (no ring)
                     (no ring)

%: no passive effects
@: no status effects
A: almost no armour, amphibious, 8 rings, camouflage 1, gelatinous body 1,
(nimble swimmer 1), tentacles
a: no special abilities


You were on level 1 of the Dungeon.
You visited 1 branch of the dungeon, and saw 1 of its levels.

You collected 55 gold pieces.

Inventory:

Scrolls
 b - a scroll of fog {unknown}
 c - a scroll of butterflies {unknown}
Potions
 a - a potion of lignification


   Skills:
 + Level 1.3 Fighting
 + Level 2.3 Dodging
 * Level 3.3 Unarmed Combat
 + Level 2.2 Spellcasting
 * Level 2.5 Transmutations


You had 5 spell levels left.
You knew the following spells:

 Your Spells              Type           Power      Damage    Failure   Level
a - Beastly Appendage     Tmut           18%        N/A       8%          1

Your spell library contained the following spells:

 Spells                   Type           Power      Damage    Failure   Level
 Wereblood                Tmut           9%         N/A       12%         2
 Spider Form              Tmut/Pois      5%         N/A       36%         3
 Ice Form                 Ice/Tmut       5%         N/A       78%         4


Dungeon Overview and Level Annotations

Branches:
Dungeon (1/15)

Altars:


Innate Abilities, Weirdness & Mutations

You cannot wear most types of armour.
You are amphibious.
You can wear up to eight rings at the same time.
Your skin changes colour to match your surroundings (Stealth+).
Your rubbery body absorbs attacks. (AC +1, EV +1)
((You are camouflaged when in or above water. (Stealth+)))
You have tentacles for arms and can constrict up to eight enemies at once.


Message History

You kill the kobold!
No target in view!
No target in view!
Things that are here:
a +0 short sword; a kobold corpse
Found a pair of gloves.
As you open the door, it creaks loudly!
There is an open door here.
Found a leather armour.
There is an open door here.
Things that are here:
a +0 short sword; a kobold corpse
There is a stone staircase leading down here.
You see here a +0 club.
You see here a +0 club.
There is a stone staircase leading down here.
Partly explored, can't reach some items and places.
Really wriggle into a travel-excluded area? [Y]es or [N]o only, please.
Really wriggle into a travel-excluded area? [Y]es or [N]o only, please.
Really wriggle into a travel-excluded area?
Okay, then.
Things that are here:
a +0 short sword; a kobold skeleton
There is a stone staircase leading down here.
You see here a +0 barding.
You open the door.
There is an open door here.
There is an open door here.
Really wriggle into a travel-excluded area?
Press: ? - help, v - describe, . - travel, g - get item Item here: 23 gold pieces.
The floor.
Unknown command.
You are engulfed in blazing flames.
Ouch! That really hurt!
You are engulfed in blazing flames.
Ouch! That really hurt!
You die...

#.......## #☼..#
##.....## #..§#
##...## #####...##
##'## .§☼☼.$.[.☼
#.# §§.....§
####.# ..$[:.
.....## #...#
..#...## #☼°☼#
.#.....# #§§@#
.##...#### #○○§#
.........#####...#
###.####........##
###.# ##########
....# #####


There were no monsters in sight!

Vanquished Creatures
  2 bats (D:1)
  An endoplasm (D:1)
  A giant cockroach (D:1)
  6 goblins (D:1)
  4 jackals (D:1)
  5 quokkas (D:1)
  3 ball pythons (D:1)
  2 frilled lizards (D:1)
  3 kobolds (D:1)
  A rat (D:1)
28 creatures vanquished.

Notes
Turn   | Place    | Note
-------+----------+-------------------------------------------
     0 | D:1      | LeprechaunX the Octopode Transmuter began the quest for the
                  | Orb.
     0 | D:1      | Reached XP level 1. HP: 13/13 MP: 3/3
   301 | D:1      | Found a faded altar of an unknown god.
   305 | D:1      | Reached XP level 2. HP: 18/18 MP: 3/5
   608 | D:1      | Reached XP level 3. HP: 23/23 MP: 6/6
  1402 | D:1      | Engulfed by a cloud of flame

Illustrated notes

Levels and vault maps discovered:
D:1:      dpeg_arrival_three_smaller_balls, layout_loops_corners,
          shapermc_ecumenical_altar_starsandcircs, serial_forest,
          infiniplex_forest_clump_medium, infiniplex_forest_clump_curved,
          infiniplex_forest_3_way, infiniplex_forest_lined_ring,
          infiniplex_forest_lined_room_3, infiniplex_forest_straight_3,
          lemuel_flame_loot_1

Action                     || total
---------------------------++-------
  Melee: Unarmed           ||    62
         Constrict         ||    18
         Kick              ||    12
         Tentacles         ||    11
         Punch             ||     1
   Cast: Beastly Appendage ||     7
   Stab: Sleeping          ||     3
 Armour: Skin              ||     4
  Dodge: Dodged            ||    34

Table legend: (Time is in decaauts)
 A = Elapsed time spent in this place.
 B = Non-inter-level travel time spent in this place.
 C = Inter-level travel time spent in this place.
 D = Time resting spent in this place.
 E = Time spent auto-exploring this place.
 F = Levels seen in this place.
 G = Mean time per level.
                   A        B        C        D        E       F      G
               +--------+--------+--------+--------+--------+-----+--------+
         Total |   1398 |   1398 |      0 |     46 |   1109 |   1 | 1398.0 |
       Dungeon |   1398 |   1398 |      0 |     46 |   1109 |   1 | 1398.0 |
               +--------+--------+--------+--------+--------+-----+--------+

Top non-repeatable levels by time:
     D:1: 1398 daAuts
